 Dungeon Crawl Stone Soup version 0.30.0-10-gfe55d96785 (webtiles) character file.

Game seed: 11761244962679622737

190 qw the Chopper (level 5, -1/33 HPs)
             Began as a Gargoyle Cinder Acolyte on May 17, 2023.
             Was a Priest of Ignis.
             Slain by a scorpion (4 damage)
             ... on level 4 of the Dungeon.
             The game lasted 00:01:13 (2950 turns).

qw the Chopper (Gargoyle Cinder Acolyte)            Turns: 2950, Time: 00:01:13

Health: -1/33      AC: 17    Str: 19    XL:     5   Next: 69%
Magic:  6/6        EV:  9    Int: 15    God:    Ignis [***...]
Gold:   125        SH:  0    Dex:  5    Spells: 6/6 levels left

rFire   + . .        Y - +0 war axe
rCold   . . .        (no shield)
rNeg    + . .        b - +0 scale mail
rPois   inf          (no helmet)
rElec   +            (no cloak)
rCorr   .            (no gloves)
SInv    +            (no boots)
Will    .....        (no amulet) Stlth
                     c - ring of see invisible
HPRegen 0.25/turn    (no ring)
MPRegen 0.10/turn

%: no passive effects
@: about to teleport, fiery-armoured, flying (expiring)
A: sickness immunity, AC +4, negative energy resistance 1, electricity
resistance, torment resistance 1, petrification resistance
a: Renounce Religion, Fiery Armour, Foxfire Swarm, Rising Flame


You were on level 4 of the Dungeon.
You worshipped Ignis.
Ignis was most pleased with you.
You visited 1 branch of the dungeon, and saw 4 of its levels.

You collected 125 gold pieces.


Innate Abilities, Weirdness & Mutations

You are immune to sickness and miasma.
Your stone body is resilient. (AC +4)
You are immune to poison.
You resist negative energy. (rN+)
You are resistant to electric shocks. (rElec)
You are resistant to unholy torment.
You are immune to petrification.


   Skills:
 - Level 4.0 Fighting
 - Level 5.2 Axes
 + Level 0.6 Armour
 - Level 1.0 Spellcasting
 - Level 3.0 Fire Magic


You had 6 spell levels left.
You didn't know any spells.
Your spell library contained the following spells:

 Spells                   Type           Power      Damage    Failure   Level
 Scorch                   Fire           18%        2d6       34%         2

Inventory:

Hand Weapons
 a - a -1 hand axe of flaming
 Y - a +0 war axe (weapon)
Missiles
 i - a boomerang (quivered)
Armour
 b - a +0 scale mail (worn)
Jewellery
 c - a ring of see invisible (left hand)
Scrolls
 f - a scroll of identify
Potions
 h - 2 potions of might
 j - a potion of heal wounds
 m - a potion of curing {unknown}
 n - a potion of brilliance {unknown}
 p - a potion of attraction {unknown}
 s - a potion of haste

Dungeon Overview and Level Annotations

Branches:
Dungeon (4/15)
 Temple: D:4-7

Altars:
Dithmenos
Trog
Wu Jian
Zin

Annotations:
D:4 Blork the orc


Message History

The adder bites you but does no damage.
You slash Blork the orc!
Blork the orc is heavily wounded.
You miss the adder.
You hit the giant cockroach but do no damage.
Blork the orc casts a cantrip, but nothing happens.
The giant cockroach bites you but does no damage.
The adder bites you but does no damage.
You barely miss Blork the orc.
Blork the orc is heavily wounded.
You slash the adder! You hit the giant cockroach.
You feel yourself slow down.
You are starting to lose your buoyancy.
The adder bites you.
The giant cockroach bites you but does no damage.
A kobold comes into view. It is wielding a +0 club.
Blork the orc hits you with a +0 scimitar!
2949 ||| INVOKING Fiery Armour.
A protective cloak of flame settles atop you.
The adder closely misses you. The scorpion stings you.
The scorpion is burned by your cloak of flames.
The scorpion is moderately wounded.
The giant cockroach closely misses you.
Blork the orc hits you with a +0 scimitar.
Blork the orc is burned by your cloak of flames.
Blork the orc is heavily wounded.
The adder bites you but does no damage.
The adder is burned by your cloak of flames.
You kill the adder!
The scorpion stings you but does no damage.
The scorpion is burned by your cloak of flames.
The scorpion is severely wounded.
2950 ||| READING scroll of teleportation.
As you read the scroll of teleportation, it crumbles to dust.
You feel strangely unstable. The giant cockroach bites you.
The giant cockroach is burned by your cloak of flames.
You kill the giant cockroach!
A hobgoblin comes into view.
Blork the orc barely misses you. The scorpion stings you.
You die...

....## ##......
......##.......
#............#
.............###
..K...........#
#.........#
#....os...#
#...<@....#
#...........g
#.........###
###########


You could see Blork the orc, a scorpion, a hobgoblin (wandering) and a kobold.

Vanquished Creatures
  An orc priest (D:3)
  2 orc wizards (D:3)
  3 adders
  2 worms (D:2)
  A dart slug (D:2)
  14 orcs (D:3)
  4 bats
  6 endoplasms
  A giant cockroach (D:4)
  4 goblins
  4 hobgoblins
  5 kobolds
  4 quokkas
  A ball python (D:1)
  5 frilled lizards
  3 rats
60 creatures vanquished.

Notes
Turn   | Place    | Note
-------+----------+-------------------------------------------
     0 | D:1      | qw the Gargoyle Cinder Acolyte began the quest for the Orb.
     0 | D:1      | Reached XP level 1. HP: 14/14 MP: 2/2
     0 | D:1      | 0 ||| qw: Version: 0.2-a-95-g4c1bab1
     0 | D:1      | 0 ||| qw: Game counter: 158
     0 | D:1      | 0 ||| qw: Always use a shield: true
     0 | D:1      | 0 ||| qw: God list: Okawaru
     0 | D:1      | 0 ||| qw: Allow faded altars: false
     0 | D:1      | 0 ||| qw: Do Orc after D:15 true
     0 | D:1      | 0 ||| qw: Do second Lair branch before Depths: true
     0 | D:1      | 0 ||| qw: Lair rune preference: random
     0 | D:1      | 0 ||| qw: Plans: Normal
     0 | D:1      | 0 ||| PLANNING D:1-11
   208 | D:1      | 208 ||| SWAPPING to +0 heavy hand axe.
   389 | D:1      | 389 ||| INVOKING Fiery Armour.
   389 | D:1      | HP: 2/14 [frozen (3)]
   391 | D:1      | Reached skill level 3 in Axes
   549 | D:1      | Reached XP level 2. HP: 19/19 MP: 3/3
   828 | D:1      | 828 ||| INVOKING Fiery Armour.
   975 | D:1      | 975 ||| UPGRADING to ring of see invisible.
   976 | D:1      | 976 ||| READING 2 scrolls labelled ICOKID BOLLAKH.
   979 | D:1      | 979 ||| READING 2 scrolls labelled KIAPRA TIVVET.
   980 | D:1      | 980 ||| READING scroll labelled FIANWA TOXOTZ.
   981 | D:1      | 981 ||| DROPPING scroll of noise.
  1240 | D:2      | Reached XP level 3. HP: 19/23 MP: 4/4
  1394 | D:2      | 1394 ||| INVOKING Fiery Armour.
  1698 | D:2      | Reached skill level 4 in Axes
  1999 | D:2      | 1999 ||| UPGRADING to +0 leather armour.
  2009 | D:2      | 2009 ||| DROPPING +0 robe.
  2010 | D:2      | 2010 ||| READING 2 scrolls labelled HIRIHI NOLO.
  2011 | D:2      | 2011 ||| READING 2 scrolls labelled XEKKAOTZENK.
  2012 | D:2      | 2012 ||| DRINKING 2 ruby potions.
  2013 | D:2      | 2013 ||| DROPPING scroll of blinking.
  2092 | D:3      | 2092 ||| Stepping ~*~*~tactically~*~*~ (hiding).
  2102 | D:3      | Reached XP level 4. HP: 25/28 MP: 5/5
  2102 | D:3      | 2102 ||| Stepping ~*~*~tactically~*~*~ (hiding).
  2104 | D:3      | 2104 ||| Stepping ~*~*~tactically~*~*~ (hiding).
  2105 | D:3      | 2105 ||| Stepping ~*~*~tactically~*~*~ (hiding).
  2172 | D:3      | 2172 ||| SWAPPING to +0 war axe.
  2173 | D:3      | 2173 ||| DROPPING +0 heavy hand axe.
  2241 | D:3      | Found an ornate altar of the Wu Jian Council.
  2242 | D:3      | Found a glowing silver altar of Zin.
  2275 | D:3      | Found a shadowy altar of Dithmenos.
  2275 | D:3      | Found a bloodstained altar of Trog.
  2328 | D:3      | 2328 ||| Stepping ~*~*~tactically~*~*~ (stealth).
  2330 | D:3      | 2330 ||| Stepping ~*~*~tactically~*~*~ (stealth).
  2343 | D:3      | Reached skill level 5 in Axes
  2430 | D:3      | Reached XP level 5. HP: 32/32 MP: 6/6
  2642 | D:3      | 2642 ||| Stepping ~*~*~tactically~*~*~ (hiding).
  2643 | D:3      | 2643 ||| Stepping ~*~*~tactically~*~*~ (hiding).
  2651 | D:3      | 2651 ||| INVOKING Fiery Armour.
  2868 | D:3      | 2868 ||| UPGRADING to +0 scale mail.
  2878 | D:3      | 2878 ||| DROPPING +0 leather armour.
  2879 | D:3      | 2879 ||| READING scroll labelled UMMEMM HUCVEL.
  2880 | D:3      | 2880 ||| READING scroll labelled EMEKYDWEOTO.
  2881 | D:3      | 2881 ||| READING scroll labelled PYAFUEPASS.
  2882 | D:3      | 2882 ||| DRINKING 2 sedimented yellow potions.
  2889 | D:3      | 2889 ||| DRINKING 2 blue potions.
  2890 | D:3      | 2890 ||| DRINKING 2 smoky golden potions.
  2891 | D:3      | 2891 ||| DRINKING 2 sapphire potions.
  2892 | D:3      | 2892 ||| READING 2 scrolls of identify.
  2892 | D:3      | 2892 ||| IDENTIFYING black potion
  2893 | D:3      | 2893 ||| DROPPING potion of magic.
  2894 | D:3      | 2894 ||| DROPPING potion of ambrosia.
  2895 | D:3      | 2895 ||| DROPPING potion of flight.
  2935 | D:4      | Noticed Blork the orc
  2949 | D:4      | 2949 ||| INVOKING Fiery Armour.
  2949 | D:4      | HP: 7/33 [scorpion (2)]
  2950 | D:4      | 2950 ||| READING scroll of teleportation.
  2950 | D:4      | HP: 3/33 [giant cockroach (1)]
  2950 | D:4      | Slain by a scorpion

Levels and vault maps discovered:
D:1:      lemuel_arrival_river_ford, layout_loops_corners, chequers_garden
D:2:      wad_river_or_something, layout_basic
D:3:      layout_basic, mainiacjoe_overflow_alcove_3
D:4:      layout_rooms, serial_shops, shop, uniq_natasha, uniq_blork_the_orc

Skill      XL: |  1  2  3  4  5 |
---------------+----------------+-----
Axes           | 3 4 5 |  5.2
Fighting       | 4 |  4.0
Armour         | |  0.6
Spellcasting   | |  1.0
Fire Magic     | |  3.0

Action                     |  1- 3 |  4- 6 || total
---------------------------+-------+-------++-------
  Melee: Hand axe          |    89 |    18 ||   107
         Punch             |     1 |     1 ||     2
         War axe           |       |    57 ||    57
  Throw: Boomerang         |       |    13 ||    13
 Invoke: Fiery Armour      |     3 |     2 ||     5
    Use: Scroll            |     5 |     5 ||    10
         Potion            |     1 |     4 ||     5
 Armour: Robe              |    31 |       ||    31
         Leather armour    |     8 |    27 ||    35
         Scale mail        |       |    14 ||    14
  Dodge: Dodged            |    49 |    32 ||    81

Table legend:
 A = Non-vault XP
 B = Vault XP
 C = Vault XP percentage of total XP
 D = Non-vault monster count
 E = Vault monster count
 F = Vault count percentage of total count
                 A         B        C        D         E       F
            +---------+---------+-------+---------+---------+-------
      Total |     255 |      19 |   6.9 |      51 |       9 |  15.0
            +---------+---------+-------+---------+---------+-------
        D:1 |      21 |       0 |   0.0 |      13 |       0 |   0.0
        D:2 |      25 |      19 |  43.2 |       5 |       9 |  64.3
        D:3 |     193 |       0 |   0.0 |      31 |       0 |   0.0
        D:4 |      16 |       0 |   0.0 |       2 |       0 |   0.0
            +---------+---------+-------+---------+---------+-------
